Cogmind - Beta 9.6 @@@ ROGUE MODE // 2020.08.15 @ 04:59:44 Player: Jerry Result: Destroyed by DAS Turret with DAS Cannon Performance ------------- Evolutions (0) 0 Regions Visited (3) 600 Robots Destroyed (7) 35 Value Destroyed (97) 97 Prototype IDs (0) 0 Alien Tech Used (0) 0 Bonus (0) 0 TOTAL SCORE: 732 Bonus ------- None Cogmind --------- Core Integrity 0/250 Matter 267/300 Energy 100/100 System Corruption 6% Temperature Cool (0) Movement Core (50) Location -10/Exiles Parts ------- > --- POWER (1) -------- (None) > --- PROPULSION (2) --- (None) > --- UTILITY (2) ------ (None) > --- WEAPON (2) ------- (None) > --- INVENTORY (4) ---- (None) Peak State ------------ > --- POWER ------------ Light Nuclear Core > --- PROPULSION ------- Aluminum Leg Aluminum Leg > --- UTILITY ---------- Targeting Computer Propulsion Shielding > --- WEAPON ----------- Medium Laser Particle Gun > --- INVENTORY -------- Ion Engine Light Assault Rifle Grenade Launcher Grenade Launcher [Rating: 10] Favorites ----------- Power Ion Engine Engine Ion Engine Power Core Light Nuclear Core Propulsion Aluminum Leg Leg Aluminum Leg Utility Targeting Computer Storage Small Storage Unit Processor Targeting Computer Protection Propulsion Shielding Weapon Medium Laser Energy Gun Medium Laser Ballistic Gun Light Assault Rifle Launcher Grenade Launcher Special Weapon Mining Laser Build | -11 -10 -10 -10 ------- Run | Scr Mat Min Exi Slots Evolved . | . . . . Power . | . . . . Propulsion . | . . . . Utility . | . . . . Weapon . | . . . . Parts Attached 20 | 4 7 4 5 Power 4 | . 1 2 1 Engine 3 | . 1 1 1 Core 1 | . . 1 . Reactor . | . . . . Propulsion 2 | 2 . . . Treads . | . . . . Leg 2 | 2 . . . Wheel . | . . . . Hover . | . . . . Flight . | . . . . Utility 4 | . 2 1 1 Device . | . . . . Storage 2 | . 1 . 1 Processor 1 | . 1 . . Hackware . | . . . . Protection 1 | . . 1 . Artifact . | . . . . Weapon 10 | 2 4 1 3 Energy Gun 5 | 2 2 1 . Energy Cannon . | . . . . Ballistic Gun 1 | . . . 1 Ballistic Cannon . | . . . . Launcher 2 | . . . 2 Special Weapon 2 | . 2 . . Impact Weapon . | . . . . Slashing Weapon . | . . . . Piercing Weapon . | . . . . Special Melee Weapon . | . . . . Unidentified Prototypes . | . . . . Parts Lost 14 | . 3 . 11 Power 3 | . 1 . 2 Propulsion 2 | . . . 2 Utility 2 | . . . 2 Weapon 7 | . 2 . 5 Highest Loss Streak 11 | . 3 . 11 Average Slot Usage (%) 95 | . 96 98 89 Engine 6 | . 13 4 1 Core 6 | . . 7 11 Leg 27 | . 28 28 25 Storage 6 | . 14 1 5 Processor 12 | . 12 14 9 Protection 8 | . . 12 13 Energy Gun 25 | . 23 28 21 Naked Turns . | . . . . Heaviest Build 14 | 4 13 11 14 Greatest Support 20 | 20 20 20 20 Greatest Overweight (x) 1 | . . . 1 Average Overweight (x) . | . . . . Largest Inventory Capacity 6 | 4 6 6 4 Average Capacity 4 | 4 5 4 4 Most Carried 6 | 4 6 4 4 Average Carried 3 | 2 3 3 3 Final Capacity 6 | 4 6 4 4 Final Carried 4 | 4 4 4 . Class Distribution -------------------- 100% | Mutant Dominant Class ---------------- Mutant | -10/Materials Mutant | -10/Mines Mutant | -10/Exiles Resources | -11 -10 -10 -10 ----------- Run | Scr Mat Min Exi Matter Collected 348 | 233 22 93 . Remotely . | . . . . Salvage Created 173 | . 22 103 48 Parts 11 | . 5 4 2 Haulers Intercepted . | . . . . Recyclers Shooed . | . . . . Parts Field Recycled . | . . . . Retrieved Matter . | . . . . Parts Self-Destructed . | . . . . Prevented . | . . . . Kills | -11 -10 -10 -10 ------- Run | Scr Mat Min Exi Combat Hostiles Destroyed 6 | . . 2 4 Guns 2 | . . 2 . AOE 4 | . . . 4 Classes Destroyed 3 | . 1 1 1 Watcher 1 | . 1 . . Grunt 2 | . . 2 . Assembled 4 | . . . 4 Best Kill Streak 4 | . 1 2 4 Combat Bots Only 4 | . . 2 4 Max Kills in Single Turn 3 | . 1 1 3 Gunslinging . | . . . . Exploded 3 | . . . 3 Melee . | . . . . Uniques/NPCs Destroyed . | . . . . Combat | -11 -10 -10 -10 -------- Run | Scr Mat Min Exi Damage Taken 1303 | . 297 127 879 Core 274 | . . 11 263 Absorbed by Shields . | . . . . Core Remaining (%) 100 | 100 . . . Volleys Fired 22 | . 3 10 9 Largest 2 | . 2 2 2 Hottest 200 | . 200 100 115 Shots Fired 39 | . 6 20 13 Gun 31 | . 2 20 9 Cannon . | . . . . Launcher 4 | . . . 4 Special 4 | . 4 . . Kinetic 3 | . . . 3 Thermal 32 | . 6 20 6 Explosive 4 | . . . 4 Electromagnetic . | . . . . Robot Hit Streak 8 | . 1 8 1 Robot Miss Streak 6 | . . 1 6 Penetration Max . | . . . . Secondary Targets . | . . . . Shots Hit Robots 19 | . 1 17 1 Core Hits 21 | . 1 7 13 Critical Hits . | . . . . Critical Kills . | . . . . Critical Parts Destroyed . | . . . . Melee Attacks . | . . . . Impact . | . . . . Slashing . | . . . . Piercing . | . . . . Sneak Attacks . | . . . . Combat Hostiles . | . . . . Follow-up Attacks . | . . . . Damage Inflicted 599 | . 12 189 398 Guns 240 | . 12 175 53 Cannons . | . . . . Explosions 338 | . . . 338 Melee . | . . . . Ramming 21 | . . 14 7 Kinetic 10 | . . . 10 Thermal 230 | . 12 175 43 Explosive 338 | . . . 338 Electromagnetic . | . . . . Impact . | . . . . Slashing . | . . . . Piercing . | . . . . Highest Corruption 6 | . 6 6 6 Average Corruption 6 | . 6 6 6 Corruption Purged . | . . . . Effects 10 | . 1 6 3 Message Errors 1 | . . . 1 Matter Fused 3 | . . 2 1 Heat Flow Errors 2 | . . 2 . Energy Discharges 1 | . 1 . . Data Loss (major) 1 | . . 1 . Misfires 1 | . . . 1 Targeting Errors 1 | . . 1 . Overload Shots . | . . . . Overflow Damage . | . . . . Projectiles . | . . . . Explosions . | . . . . Melee . | . . . . Knockbacks . | . . . . Impact . | . . . . Kinetic . | . . . . Secondary . | . . . . Self-Inflicted Damage 27 | . . 7 20 Shots 1 | . . . 1 Rammed 6 | . . 2 4 Targets Rammed 6 | . . 2 4 Kicked . | . . . . Crushed . | . . . . Highest Temperature 530 | . 56 530 242 Average Temperature 135 | . 28 175 118 Received Heat Transfer 223 | . . 63 160 Effects 1 | . . 1 . Energy Bleed 1 | . . 1 . Siege Activations . | . . . . Robots Corrupted . | . . . . Combat Hostiles . | . . . . Parts Fried . | . . . . Impact Corruptions . | . . . . Robots Melted . | . . . . Combat Hostiles . | . . . . Parts Melted 1 | . . 1 . Heat Transferred 666 | . 37 518 111 Parts Sabotaged . | . . . . Parts Stolen . | . . . . Parts Stripped . | . . . . Power Chain Reactions . | . . . . Missiles Intercepted . | . . . . Alert | -11 -10 -10 -10 ------- Run | Scr Mat Min Exi Peak Influence 50 | . 22 50 . Average Influence 19 | . 9 29 . Maximum Alert Level . | . . . . Low Security (%) 100 | 100 100 100 . Level 1 . | . . . . Level 2 . | . . . . Level 3 . | . . . . Level 4 . | . . . . Level 5 . | . . . . High Security . | . . . . Max Security . | . . . . Squads Dispatched . | . . . . Investigation . | . . . . Extermination . | . . . . Reinforcement . | . . . . Assault . | . . . . Garrison . | . . . . Intercept . | . . . . Construction Impeded . | . . . . Haulers Reinforced . | . . . . Stealth | -11 -10 -10 -10 --------- Run | Scr Mat Min Exi Distress Signals . | . . . . Communications Jammed . | . . . . Distress Signals . | . . . . Times Spotted 11 | . 1 2 8 Peak Tracking Total 9 | . . 2 9 Tactical Retreats 1 | . . . 1 Traps | -11 -10 -10 -10 ------- Run | Scr Mat Min Exi Traps Triggered . | . . . . Indirectly . | . . . . Trap Hack Attempts . | . . . . Triggered . | . . . . Disarmed . | . . . . Reprogrammed . | . . . . Reused . | . . . . Traps Extracted . | . . . . Installed . | . . . . Triggered . | . . . . Machines | -11 -10 -10 -10 ---------- Run | Scr Mat Min Exi Machines Disabled 3 | . . . 3 Max in Single Turn 2 | . . . 2 Machines Sabotaged . | . . . . Garrisons Compromised . | . . . . Overloaded Fab Kills . | . . . . Fab Network Shutdowns . | . . . . Hacking | -11 -10 -10 -10 --------- Run | Scr Mat Min Exi Machines Accessed 1 | . 1 . . Terminals 1 | . 1 . . Fabricators . | . . . . Repair Stations . | . . . . Recycling Units . | . . . . Scanalyzers . | . . . . Garrison Access . | . . . . Total Hacks 2 | . 2 . . Successful 2 | . 2 . . Failed . | . . . . Catastrophic . | . . . . Database Lockouts . | . . . . Manual . | . . . . Terminals 2 | . 2 . . Fabricators . | . . . . Repair Stations . | . . . . Recycling Units . | . . . . Scanalyzers . | . . . . Garrison Access . | . . . . Terminal Hacks 2 | . 2 . . Record 1 | . 1 . . Locate Traps 1 | . 1 . . Fabricator Hacks . | . . . . Repair Station Hacks . | . . . . Recycling Unit Hacks . | . . . . Scanalyzer . | . . . . Garrison Access Hacks . | . . . . Unauthorized Hacks . | . . . . Terminals . | . . . . Fabricators . | . . . . Repair Stations . | . . . . Recycling Units . | . . . . Scanalyzers . | . . . . Garrison Access . | . . . . Data Cores Recovered . | . . . . Used . | . . . . Hacking Detections . | . . . . Full Trace Events . | . . . . Feedback Events . | . . . . Feedback Blocked . | . . . . Robot Schematics Acquired . | . . . . Robots Built . | . . . . Matter . | . . . . Time . | . . . . Total Robot Build Rating . | . . . . Part Schematics Acquired . | . . . . Parts Built . | . . . . Matter . | . . . . Time . | . . . . Total Part Build Rating . | . . . . Parts Repaired . | . . . . Time . | . . . . Parts Recycled . | . . . . Recycled Matter . | . . . . Retrieved Matter . | . . . . Retrieved Components . | . . . . Parts Scanalyzed . | . . . . Part Schematics Acquired . | . . . . Parts Damaged . | . . . . Bothacking | -11 -10 -10 -10 ------------ Run | Scr Mat Min Exi Used RIF Installer . | . . . . Robots Hacked . | . . . . Non-combat . | . . . . Combat . | . . . . Robot Hacks Applied . | . . . . Relay Couplers Released . | . . . . Robots Rewired . | . . . . Allies Hacked . | . . . . Hacks Repelled . | . . . . Allies | -11 -10 -10 -10 -------- Run | Scr Mat Min Exi Total Allies . | . . . . Largest Group . | . . . . Highest-Rated Group . | . . . . Highest-Rated Ally . | . . . . Total Orders . | . . . . Ally Attacks . | . . . . Total Damage . | . . . . Kills . | . . . . Allies Corrupted . | . . . . Allies Melted . | . . . . Intel | -11 -10 -10 -10 ------- Run | Scr Mat Min Exi Robot Analysis Total . | . . . . Derelict Logs Recovered . | . . . . Drone Launches . | . . . . Drone Recoveries . | . . . . Exploration | -11 -10 -10 -10 ------------- Run | Scr Mat Min Exi Turns Passed 672 | 45 190 294 143 Spaces Moved 463 | 33 134 202 94 Core 11 | 5 . . 6 Treads . | . . . . Legs 452 | 28 134 202 88 Wheels . | . . . . Hover . | . . . . Flight . | . . . . Fastest Speed 50 | 50 120 120 50 Average Speed 118 | 109 120 120 117 Slowest Speed 150 | 120 120 120 150 Overloaded Moves . | . . . . Propulsion Burnouts . | . . . . Robots Hopped . | . . . . Cave-ins Triggered 1 | . 1 . . Exploration Rate (%) 25 | 3 24 42 32 Regions Visited 3 Branch Regions 2 Pre-discovered Areas . | . . . . Known Exits Taken . | . . . . Unknown Exits Taken 3 | 1 1 1 . Scrap Searched 1 | . . 1 . Spaces Dug 4 | . 4 . . Terrain Destroyed 22 | . 4 . 18 Melee . | . . . . Projectile 4 | . 4 . . AOE 18 | . . . 18 Actions | -11 -10 -10 -10 --------- Run | Scr Mat Min Exi Total 534 | 40 147 234 113 Wait 6 | . . 6 . Move 459 | 32 132 201 94 Hop . | . . . . Pick Up 8 | 4 4 . . Fast Attach 8 | 4 1 2 1 Attach 9 | . 4 1 4 Detach 3 | . . 2 1 Swap 3 | . 2 1 . Drop 2 | . . 2 . Fire 22 | . 3 10 9 Melee . | . . . . Ram 3 | . . . 3 Kick 3 | . . 2 1 Crush . | . . . . Escape Stasis 1 | . 1 . . Rewire 7 | . . 7 . Trap . | . . . . Miscellaneous . | . . . . Route ------- -11/Scrapyard -10/Materials -10/Mines -10/Exiles History --------- Turn | Location | Event 10 | -11/Scrapyard | Discovered new exit (range 15) 46 | -11/Scrapyard | Entered Materials 180 | -10/Materials | Discovered new exit (range 10) 225 | -10/Materials | Crushed by falling debris 236 | -10/Materials | Entered Mines 239 | -10/Mines | Met a Derelict bent on vengeance 245 | -10/Mines | Assembled infested the area 256 | -10/Mines | Lost 3 parts (1p2w) 305 | -10/Mines | Build established: Mutant 524 | -10/Mines | Discovered new exit (range 5) 530 | -10/Mines | Entered Exiles 563 | -10/Exiles | Met 8R-AWN 580 | -10/Exiles | Met EX-HEX 626 | -10/Exiles | Attacked by the Exiles 662 | -10/Exiles | Core integrity fell below 50% 671 | -10/Exiles | Core integrity fell below 20% 673 | -10/Exiles | Destroyed by DAS Turret with DAS Cannon Last Messages --------------- 00665_ Slammed into as-18198. 00665_ Broken Aluminum Leg permanently disabled. 00665_ Destabilizing: Short circuit. 00666_ Ion Engine destroyed. 00667_ Slammed into as-18198. 00667_ Penetrated by HV Slug. 00667_ HV Slug penetrates Wall. 00667_ Penetrated by HV Slug. 00667_ HV Slug penetrates Wall. 00668_ Slammed into as-76584. 00669_ Propulsion Shielding destroyed. 00669_ Penetrated by HV Slug. 00669_ Broken Aluminum Leg destroyed. 00669_ HV Slug penetrates Wall. 00669_ Penetrated by HV Slug. 00669_ HV Slug penetrates Wall. 00672_ Penetrated by HV Slug. 00672_ Critical hit. 00672_ Lgt. Assault Rifle destroyed. 00673_ Lrg. Battery destroyed. Map ----- +----------------------------------------------------+ | ?????????????????????????????????????????????????? | | ?????????????????????????????????????????????????? | | ?????????????????????????????????????????????????? | | ?????????????????????????????????????????????????? | | ?????????????????????????????????????????????????? | | ?????????????????????????????????????????????????? | | ?????????????????????????????????????????????????? | | ??????????????????????????????????????????#???#??? | | ??????????????????????????????????? #####""?"""""" | | ????????????????????????????????? " """ """ | | ??????????????????????????????? "" " | | ??????????????????????????????? " " | | ??????????????????????????????? " | | ???????????????????????????????? " | | ????????????????????????????????? | | ?????????????? ??????????????????? | | ????????????? ?????????????????? | | ????????????? ?????????????????#""" | | ???????????? ?????????????????#""" | | ???????????? ????????????????#"""" | | ???????????? ????######?##### | | ??????????? #### # ## "" | | ??????????? # aa%# | | ?????????? | | ?????????? | | ?????????? @ | | ?????????? " | | ?????????? g "" """ | | ??????????? ""# a a """ " " ""#" | | ??????????? ""### ######""" """##""" | | ???????????? """"##?## #????###""""###### | | ???????????? """???## ####???######????? | | ???????????? ""#???# "!#?????????????? | | ????????????? """?????#" !#?????????????? | | ????????????? ???????#" "#?????????????? | | ?????????????? ?????????#!!""!"#?????????????? | | ?????????????? ????????????########?????????????? | | ?????????????????????????????????????????????????? | | ?????????????????????????????????????????????????? | | ?????????????????????????????????????????????????? | | ?????????????????????????????????????????????????? | | ?????????????????????????????????????????????????? | | ?????????????????????????????????????????????????? | | ?????????????????????????????????????????????????? | | ?????????????????????????????????????????????????? | | ?????????????????????????????????????????????????? | | ?????????????????????????????????????????????????? | | ?????????????????????????????????????????????????? | | ?????????????????????????????????????????????????? | | ?????????????????????????????????????????????????? | +----------------------------------------------------+ Best States ------------- Heat Dissipation 25 Energy Generation 14 Energy Capacity 550 Matter Stores 300 Matter Capacity 300 Sight Range 16 Terrain Scan Density 10 Propulsion Shielding 33 Evasion (%) 40 Targeting Accuracy 5 Item Schematics ----------------- None Robot Schematics ------------------ None Fabricated ------------ Nothing Alien Tech Used ----------------- None Achievements -------------- Unlikely Earthworm Challenges ------------ None Game ------ Seed DimensionalHugeExtractor Manual? 0 Play Time 00:11:59 Cumulative 1.8 hours Start 2020.08.15 @ 04:46:37 End 2020.08.15 @ 04:59:44 Sessions 1 Manual Loads 0 Difficulty Rogue Special Mode None Game No. 4 Rogue 4 Adventurer 0 Explorer 0 Win Type - Total 0 Types 0/0/0/0/0/0/0 Lore% 10 Gallery% 6 Achievement% 3 Wizard Run 0 Options --------- ASCII 0 Keyboard 1 Movement Numpad Keybinds 0 Fullscreen 1 Font 18/SmallcapsGlow Map View 76x50 Tactical HUD 1 Map Filters NONE Filters NONE Steam 0 RUN: 3d1d5543-d6fb-4c7f-a279-5c93d7f9ffb6